 Dungeon Crawl Stone Soup version 0.25-a0-448-g1f46b9f714 (webtiles) character file.

Game seed: 5517355702445812266, levelgen mode: deterministic

175 kae the Vexing (level 5, -2/24 HPs)
             Began as a Spriggan Enchanter on Jan 31, 2020.
             Slain by an orc
             ... wielding a +0 flail
              (6 damage)
             ... on level 3 of the Dungeon.
             The game lasted 00:04:52 (3798 turns).

kae the Vexing (Spriggan Enchanter)                 Turns: 3798, Time: 00:04:52

Health: -2/24      AC:  3    Str:  5    XL:     5   Next: 29%
Magic:  0/10       EV: 18    Int: 16    God:
Gold:   73         SH:  0    Dex: 17    Spells: 3/9 levels left

rFire    . . .     SeeInvis +   a - +1 dagger
rCold    . . .     Gourm    .   (shield restricted)
rNeg     . . .     Faith    .   b - +0 robe
rPois    .         Spirit   .   (helmet restricted)
rElec    .         Reflect  .   j - +0 cloak
rCorr    .         Harm     .   (gloves unavailable)
MR       .....                  (boots unavailable)
Stlth    +++.......             (no amulet)
HPRegen  0.08/turn              (no ring)
MPRegen  0.12/turn              (no ring)

@: very quick
A: very small, unfitting armour, see invisible, herbivore, speed 3, slow
metabolism 2
a: no special abilities


You were on level 3 of the Dungeon.
You were very hungry.

You visited 1 branch of the dungeon, and saw 3 of its levels.

You collected 73 gold pieces.

Inventory:

Hand Weapons
 a - a +1 dagger (weapon)
Armour
 b - a +0 robe (worn)
 j - a +0 cloak (worn)
Scrolls
 f - a scroll of identify
 g - a scroll of enchant armour
Potions
 c - a potion of degeneration
 e - a potion of heal wounds
 h - a potion of curing {unknown}
 i - a potion of mutation
Comestibles
 d - 2 rations


   Skills:
 * Level 4.4 Short Blades
 - Level 3.3 Dodging
 - Level 4.7 Stealth
 - Level 2.9 Spellcasting
 + Level 5.0 Hexes


You had 3 spell levels left.
You knew the following spells:

 Your Spells              Type           Power        Failure   Level  Hunger
a - Corona                Hex            ###....      2%          1    #......
b - Ensorcelled Hibernat  Hex/Ice        ##....       10%         2    ##.....
c - Confusing Touch       Hex            ###.....     7%          3    ###....

Your spell library contained the following spells:

 Spells                   Type           Power        Failure   Level  Hunger
 Tukima's Dance           Hex            ###.....     7%          3    ###....
 Dazzling Flash           Conj/Hex       ##....       21%         3    ###....


Dungeon Overview and Level Annotations

Branches:
Dungeon (3/15)

Altars:
Zin


Innate Abilities, Weirdness & Mutations

You are very small and have problems with some larger weapons.
You are too small for most types of armour.
You have supernaturally acute eyesight. (SInv)
You are a herbivore.
You cover ground extremely quickly.
You need to consume almost no food.


Message History

Casting: Ensorcelled Hibernation (safe; 11% risk of failure)
Confirm with . or Enter, or press ? or * to list all spells.
Aiming: Ensorcelled Hibernation (safe; 11% risk of failure)
Press: ? - help, Shift-Dir - straight line, f/p - orc wizard
Aim: an orc wizard, wielding a +0 dagger and wearing a +0 robe (chance to defeat MR: 41%)
The orc wizard resists with some effort.
The orc wizard misses you. The orc hits you with a +0 flail!
* * * LOW HITPOINT WARNING * * *
Casting: Ensorcelled Hibernation (safe; 11% risk of failure)
Confirm with . or Enter, or press ? or * to list all spells.
Aiming: Ensorcelled Hibernation (safe; 11% risk of failure)
Press: ? - help, Shift-Dir - straight line, f/p - orc wizard
Aim: an orc wizard, wielding a +0 dagger and wearing a +0 robe (chance to defeat MR: 41%)
The orc wizard looks drowsy...
The orc misses you.
The helpless orc wizard fails to defend itself.
You impale the orc wizard!!
You kill the orc wizard!
Your Hexes skill increases to level 5!
The orc hits you with a +0 flail.
You die...

#)#*,,,,,,,,* *,,
######.##........# ***
#.)....##........#
######(#######........#
#....(..# #........#
#.......# #........#
#.......# #........#
##.......# #........#
.........######o@......#
##..)...........)......#
.≈≈).≈..≈.≈####.<.?....#
....≈......# ##########
≈≈≈≈≈≈≈≈≈.≈#
≈≈≈≈≈≈≈≈≈≈.#
≈≈≈≈≈≈o≈≈..#
≈≈≈...≈≈≈≈.#
≈≈≈≈_.≈≈≈≈%#


You could see an orc.

Vanquished Creatures
  An orc wizard (D:3)
  Terence (D:2)
  Robin (D:2)
  3 adders (D:2)
  A worm (D:3)
  3 dart slugs
  A leopard gecko (D:2)
  4 orcs (D:3)
  4 giant cockroaches
  14 goblins
  9 hobgoblins
  4 jackals (D:1)
  6 bats
  5 frilled lizards
  4 kobolds
  10 rats
71 creatures vanquished.

Notes
Turn   | Place    | Note
-------+----------+-------------------------------------------
     0 | D:1      | kae the Spriggan Enchanter began the quest for the Orb.
     0 | D:1      | Reached XP level 1. HP: 9/9 MP: 5/5
   298 | D:1      | Reached XP level 2. HP: 11/13 MP: 6/6
   302 | D:1      | Learned a level 2 spell: Ensorcelled Hibernation
   917 | D:1      | Reached skill level 4 in Hexes
  1278 | D:1      | Reached XP level 3. HP: 12/16 MP: 2/8
  1338 | D:1      | Learned a level 3 spell: Confusing Touch
  2121 | D:2      | Noticed Robin
  2216 | D:2      | Reached XP level 4. HP: 15/21 MP: 6/9
  2419 | D:2      | Noticed Terence
  2429 | D:2      | Killed Terence
  2735 | D:2      | Killed Robin
  2956 | D:2      | Found a glowing silver altar of Zin.
  2956 | D:2      | Noticed an angel
  3282 | D:3      | Found a faded altar of an unknown god.
  3302 | D:3      | Reached XP level 5. HP: 24/24 MP: 1/10
  3797 | D:3      | Reached skill level 5 in Hexes
  3798 | D:3      | Slain by an orc

Levels and vault maps discovered:
D:1:      wander_arrival_lonely_grave, layout_basic, serial_bayou,
          serial_bayou_pond_a, serial_bayou_pond_d, serial_bayou_pond_d,
          serial_bayou_pond_e, serial_bayou_lake_a
D:2:      layout_basic, zin_angel, uniq_terence, uniq_robin
D:3:      layout_basic, chequers_ecumenical_altar_island, minmay_crystal_room

Skill      XL: |  1  2  3  4  5 |
---------------+----------------+-----
Short Blades   | 2 3 4 |  4.4
Hexes          | 4 5 |  5.0
Dodging        | |  3.3
Stealth        | |  4.7
Spellcasting   | |  2.9

Action                   |  1- 3 |  4- 6 || total
-------------------------+-------+-------++-------
Melee: Dagger            |   217 |   106 ||   323
 Cast: Corona            |    10 |     1 ||    11
       Ensorcelled Hiber |    33 |    31 ||    64
       Confusing Touch   |       |     1 ||     1
  Use: Potion            |     1 |       ||     1
       Scroll            |     3 |     5 ||     8
 Stab: Sleeping          |    22 |    16 ||    38
       Distracted        |     1 |       ||     1
       Confused          |       |     1 ||     1
  Eat: Ration            |       |     2 ||     2
Armor: Robe              |    22 |     5 ||    27
       Skin              |     2 |       ||     2
Dodge: Dodged            |   134 |    83 ||   217

Table legend:
 A = Non-vault XP
 B = Vault XP
 C = Vault XP percentage of total XP
 D = Non-vault monster count
 E = Vault monster count
 F = Vault count percentage of total count
                 A         B        C        D         E       F
            +---------+---------+-------+---------+---------+-------
      Total |     177 |      73 |  29.2 |      57 |      14 |  19.7
            +---------+---------+-------+---------+---------+-------
        D:1 |      47 |       0 |   0.0 |      26 |       0 |   0.0
        D:2 |      56 |      73 |  56.6 |      13 |      14 |  51.9
        D:3 |      74 |       0 |   0.0 |      18 |       0 |   0.0
            +---------+---------+-------+---------+---------+-------
